[Event "*** Titled Tuesday Blitz"]
[Site "Chess.com"]
[Date "2020.05.05"]
[Round "5"]
[White "AlanZhang"]
[Black "dpopadic"]
[Result "0-1"]
[WhiteElo "2174"]
[BlackElo "2347"]
[TimeControl "180+1"]
[EndTime "10:57:41 PDT"]
[Termination "dpopadic won on time"]

1. e4 c5 2. Nf3 Nc6 3. d4 cxd4 4.
Nxd4 Nf6 5. Nc3 e5 6. Ndb5 d6 7. Bg5 a6 8. Na3 b5 9. Nd5 Be7 10.
Bxf6 Bxf6 11. c4 b4 12. Nc2 O-O 13. h4 Rb8 14. b3 a5 15. g3 Be6 16. Bg2 Kh8 17. Kf1 Qd7 18. Kg1 Bd8 19. Kh2 Bb6 20. Rf1 Bc5 21. f4 f6 22. f5 Bf7 23.
g4 Nd4 24. Nce3 Nc6 25. Nc2 Bd4 26. Rb1 Bc5 27. g5 Nd4 28. Nce3 Bg8 29. Qh5 a4 30. Ng4 Bxd5 31. cxd5 Qf7 32. g6 Qg8 33. Ne3 axb3 34. axb3 Ra8 35. Qg4 Ra3 36. Nc4 Rxb3 37. Na5 Ra3 38. Nc6 Nxc6 39. dxc6 Ra6 40. Rfc1 Rc8 41. Bf1 Raxc6 42. Bc4 Qf8 43. gxh7 Be3 44. Bd5 Rxc1 45. Rxc1 Rxc1 46. Qg6 Bf4+ 47. Kg2 Rc8 48. Kf3 Rb8 49. Bb3 Bh6 50. Bd5 Qe8 51. Qf7 Qxf7 52. Bxf7 b3 53. Bxb3 Rxb3+ 54. Kg4 Kxh7 55. Kh5 d5 56. exd5 Rf3 57.
d6 Rd3 0-1

[Event "*** Titled Tuesday Blitz"]
[Site "Chess.com"]
[Date "2020.05.05"]
[Round "5"]
[White "ElGasanov"]
[Black "ALeks_Ivlev"]
[Result "0-1"]
[WhiteElo "2720"]
[BlackElo "2584"]
[TimeControl "180+1"]
[EndTime "10:57:42 PDT"]
[Termination "ALeks_Ivlev won on time"]

1. Nf3 Nf6 2. d4 d5 3. e3 e6 4. c4 c6 5. Nc3 Nbd7 6. Qc2 Bd6 7. b3 Qe7 8. Be2 O-O 9. O-O dxc4 10. bxc4 e5 11. a4 Re8 12. a5 e4 13. Nd2 Nf8 14.
c5 Bc7 15. a6 bxa6 16. Nc4 Nd5 17. Ba3 Ng6 18. Nd6 Bxd6 19. cxd6 Qh4 20. g3 Qh6 21.
Nxe4 Nxe3 22. fxe3 Qxe3+ 23. Rf2 Qxe4 24. Qxe4 Rxe4 25.
Bf3 Rxd4 26. Bxc6 Rb8 27. Bc5 Rc4 28. Bxa7 Rxc6 29. Bxb8 Be6 30. Re2 Nf8 31. Ree1 Nd7 32. Bc7 Rc2 33. Rec1 Rd2 34. Rxa6 h5 35. Ra5 h4 36.
gxh4 Kh7 37. Rg5 Nf6 38. Rg2 Rd3 39. Re1 Nh5 40. Rf2 Kg6 41. h3 Nf6 42. Rg2+ Kh6 43. Kh2 Nh5 44. Rg5 Rxh3+ 45. Kg2 Rd3 46. Ree5 Nf4+ 47. Kf2 f6 0-1

[Event "*** Titled Tuesday Blitz"]
[Site "Chess.com"]
[Date "2020.05.05"]
[Round "5"]
[White "Alexander_Moskalenko"]
[Black "davidkalashian"]
[Result "1-0"]
[WhiteElo "2835"]
[BlackElo "2536"]
[TimeControl "180+1"]
[EndTime "10:57:42 PDT"]
[Termination "Alexander_Moskalenko won by resignation"]

1. c4 Nf6 2. Nc3 e6 3. g3 d5 4.
d4 Be7 5. Nf3 O-O 6. Bg2 dxc4 7.
Ne5 Nc6 8. Bxc6 bxc6 9. Nxc6 Qe8 10. Nxe7+ Qxe7 11. Qa4 e5 12. dxe5 Qxe5 13. Bf4 Qh5 14.
f3 Be6 15. O-O-O c5 16. h4 Qg6 17. g4 h5 18. g5 Nh7 19. e4 Rfc8 20. Be3 Nf8 21.
Rd6 Qh7 22. f4 Bg4 23. f5 Rab8 24. a3 Re8 25. Qxc4 Rbd8 26. Rxd8 Rxd8 27. Bxc5 Nd7 28. g6 Qh6+ 29. Kb1 Ne5 30. gxf7+ Nxf7 31. Bxa7 Qd2 32. Rc1 Bf3 33. Bc5 Rc8 34. b4 Ra8 35. Rc2 Qe1+ 36. Kb2 Rd8 37. Bf2 Qh1 38. b5 Rd7 39. Qc8+ Rd8 40. Qe6 Qf1 41. f6 Bd1 42. Bb6 Rb8 43.
Rf2 Qd3 44. fxg7 Rb7 45. a4 Kh7 46. Qg6+ Kg8 47. Qc6 Re7 48. Qd5 Kxg7 49. Qxd3 Bg4 50. Bd4+ Ne5 51. Bxe5+ Rxe5 52. Qd4 Kh7 53. Qxe5 1-0

[Event "*** Titled Tuesday Blitz"]
[Site "Chess.com"]
[Date "2020.05.05"]
[Round "5"]
[White "peixe64"]
[Black "ChessWarrior3"]
[Result "1-0"]
[WhiteElo "2224"]
[BlackElo "2045"]
[TimeControl "180+1"]
[EndTime "10:57:42 PDT"]
[Termination "peixe64 won on time"]

1. d4 Nf6 2. c4 g6 3. Nc3 d5 4. cxd5 Nxd5 5. e4 Nxc3 6. bxc3 Bg7 7. Bc4 c5 8. Ne2 Nc6 9. Be3 cxd4 10. cxd4 Qa5+ 11. Qd2 Qxd2+ 12. Kxd2 O-O 13. Rhd1 Rd8 14. Ke1 Na5 15. Bd3 Be6 16. Rac1 Bxa2 17. Ra1 Bb3 18. Rxa5 Bxd1 19. Kxd1 Rd6 20. e5 Rb6 21. f4 a6 22.
d5 Rb4 23. Bc5 Rb3 24. Kc2 b6 25. Kxb3 bxa5 26. Ka4 Rc8 27. Bd4 Bf8 28. Kxa5 Rd8 29. Be4 h5 30. Kxa6 e6 31. d6 Bxd6 32. exd6 Rxd6+ 33. Bb6 Rd2 34. Bf3 Ra2+ 35. Kb5 Rb2+ 36.
Kc6 Kh7 37. Bc5 Rc2 38. Kd6 Kg7 39. Bd4+ Kf8 40. Bf6 Rd2+ 41. Nd4 Ke8 42. Bc6+ Kf8 43. h3 Rd1 44. Ke5 Re1+ 45. Be4 Ke8 46. Nb5 Kf8 47. Nd6 Rd1 48. Bd8 Re1 49. Kf6 Rf1 50. Be7+ 1-0

[Event "*** Titled Tuesday Blitz"]
[Site "Chess.com"]
[Date "2020.05.05"]
[Round "5"]
[White "BillieKimbah"]
[Black "bancsoo"]
[Result "1-0"]
[WhiteElo "2870"]
[BlackElo "2730"]
[TimeControl "180+1"]
[EndTime "10:57:43 PDT"]
[Termination "BillieKimbah won by resignation"]

1. d4 d5 2. c4 c6 3. Nf3 Nf6 4. Nc3 dxc4 5. e4 b5 6. Be2 e6 7.
O-O b4 8. e5 bxc3 9. exf6 Qxf6 10. bxc3 Nd7 11. Bxc4 Bd6 12. Bd3 Qd8 13. Qe2 O-O 14. Bg5 Qc7 15. Qe4 g6 16. Qh4 Re8 17. Rfe1 Bb7 18. Be4 c5 19. Rad1 Bd5 20. Bxd5 exd5 21.
h3 c4 22. Bh6 f6 23. Qg4 Nb6 24. Nd2 Qd7 25. Qf3 Qf5 26. Qxf5 gxf5 27. Nf1 f4 28. g3 Na4 29. Rxe8+ Rxe8 30. Rc1 Re2 31. Bxf4 Bxf4 32. gxf4 Rxa2 33. Ne3 Nb6 34. f5 Kf7 35. Kg2 Ke7 36. Kf3 Kd6 37. h4 h5 38. Ng2 Ra3 39. Nf4 Na4 40.
Nxh5 Nxc3 41. Kg2 Ne4 42. Ng3 Nxg3 43. fxg3 Rd3 44. h5 Ke7 45. Ra1 Rxd4 46. Rxa7+ Kf8 47. h6 Kg8 48. Rg7+ Kh8 49. Rc7 Rd3 50. g4 c3 51.
g5 fxg5 52. f6 Rd2+ 53. Kg3 Rd3+ 54. Kg4 Rd1 55. f7 Rg1+ 56. Kh5 1-0

[Event "*** Titled Tuesday Blitz"]
[Site "Chess.com"]
[Date "2020.05.05"]
[Round "5"]
[White "SHIVACalypso"]
[Black "MartinMatthiesen"]
[Result "1-0"]
[WhiteElo "2304"]
[BlackElo "2461"]
[TimeControl "180+1"]
[EndTime "10:57:43 PDT"]
[Termination "SHIVACalypso won on time"]

1. Nf3 d5 2. c4 e6 3. g3 Nf6 4.
Bg2 Be7 5. O-O O-O 6. d4 dxc4 7. Qc2 a6 8. a4 Bd7 9. Ne5 Bc6 10. Nxc6 Nxc6 11. e3 Na5 12. Nd2 c5 13. dxc5 Qc7 14. b4 cxb3 15. Nxb3 Nxb3 16. Qxb3 Rab8 17. Ba3 Bxc5 18.
Rac1 Nd7 19. Rfd1 b6 20. Qd3 a5 21. Qxd7 Qxd7 22. Rxd7 Bxa3 23. Rcc7 Rbc8 24. Bc6 Rxc7 25. Rxc7 g6 26. Kg2 Rd8 27. Rb7 Bc5 28. Kf3 h5 29. h3 Kg7 30. Bb5 Kf6 31. Ke2 Bb4 32.
Kf3 Bc5 33. Ke2 g5 34. Kf3 Kg6 35. Rd7 Rc8 36. Rb7 f5 37. Bc4 Kf6 38. Bb5 g4+ 39. hxg4 hxg4+ 40. Ke2 Rd8 41. Rd7 Rh8 42. Rc7 Rh1 43.
Rc6 Ke7 44. Bc4 Rh6 45. Kd3 Rh2 46. Ke2 Bd6 47. Bb5 1-0

[Event "*** Titled Tuesday Blitz"]
[Site "Chess.com"]
[Date "2020.05.05"]
[Round "5"]
[White "Stewie_89"]
[Black "Nakachuk"]
[Result "1-0"]
[WhiteElo "2638"]
[BlackElo "2860"]
[TimeControl "180+1"]
[EndTime "10:57:44 PDT"]
[Termination "Stewie_89 won by checkmate"]

1. e4 c5 2. Nf3 e6 3. b3 Nf6 4. e5 Nd5 5. Bb2 Nc6 6. g3 Be7 7. Bg2 O-O 8. O-O f6 9. c4 Nc7 10. d4 cxd4 11. exf6 Bxf6 12. Nxd4 d5 13. cxd5 exd5 14.
Na3 Nxd4 15. Bxd4 Bf5 16. Rc1 Kh8 17. Bxf6 Rxf6 18. Nc2 Be4 19. Bxe4 dxe4 20. Qxd8+ Rxd8 21. Ne3 Ne6 22. Rfd1 Rdf8 23. Rc2 Ng5 24. Kg2 Nf3 25. Rc7 Ne5 26. Rd2 Nd3 27. Ng4 Rg6 28. Ne3 Ne1+ 29.
Kf1 Nf3 30. Rdd7 Nxh2+ 31. Ke2 Nf3 32. Rxb7 h5 33. Rxa7 Ne5 34. Re7 Nd3 35. Rxe4 Nxf2 36. Rh4 Rxg3 37. Rxh5+ Kg8 38. Nf5 Rg2 39. Kf3 Rg4 40.
Kxf2 Rf4+ 41. Kg3 R4xf5 42. Rxf5 Rxf5 43. a4 Rf1 44. b4 Kh7 45. b5 Rb1 46. Ra6 Rb4 47. b6 Kh6 48. a5 Kh5 49. Ra8 g5 50. Rh8+ Kg6 51. a6 Rb3+ 52. Kg2 Rb2+ 53. Kf3 Rb3+ 54.
Ke4 Rb4+ 55. Kd3 Rb3+ 56. Kc4 Rxb6 57. a7 Ra6 58. a8=Q Rxa8 59. Rxa8 Kf5 60. Kd3 Kf4 61. Ke2 Kg3 62. Kf1 Kh2 63. Rg8 Kh3 64. Rxg5 Kh4 65. Rg8 Kh3 66. Kf2 Kh4 67. Kf3 Kh5 68. Kf4 Kh6 69.
Kf5 Kh7 70. Rg1 Kh6 71. Rg2 Kh5 72. Rh2# 1-0

[Event "*** Titled Tuesday Blitz"]
[Site "Chess.com"]
[Date "2020.05.05"]
[Round "5"]
[White "Pittiplatsh"]
[Black "Bigfish1995"]
[Result "1-0"]
[WhiteElo "2537"]
[BlackElo "3086"]
[TimeControl "180+1"]
[EndTime "10:57:45 PDT"]
[Termination "Pittiplatsh won on time"]

1. e4 c5 2. Nf3 d6 3. d4 cxd4 4. Nxd4 Nf6 5. Nc3 a6 6. Be3 e5 7. Nb3 Be6 8. f3 h5 9. Nd5 Nxd5 10.
exd5 Bc8 11. Bd3 g6 12. c4 b6 13. O-O Nd7 14. f4 Bh6 15. Qd2 exf4 16. Bxf4 Bxf4 17. Rxf4 Ne5 18. Raf1 Qg5 19. Nd4 O-O 20. Nf3 Nxf3+ 21. R1xf3 Bg4 22. Rf1 Rae8 23. Qf2 Re7 24. Qxb6 Be2 25.
Bxe2 Rxe2 26. R4f2 Qg4 27. b3 h4 28. Qxd6 Rxf2 29.
Rxf2 Re8 30. h3 Re1+ 31. Kh2 Qd1 32. Qd8+ Kg7 33. Qf6+ Kh7 34. Qxf7+ Kh6 35. Qf4+ Kh5 36. Qf3+ Qxf3 37. Rxf3 Rd1 38. Rf6 a5 39. d6 Kg5 40.
Rf7 Rxd6 41. Ra7 Rd2 42. Rxa5+ Kf4 43. Ra8 Rc2 44. a4 Rc3 45. a5 Rxb3 46. a6 Ra3 47. a7 Kg5 48. c5 Ra6 49. c6 Rxc6 50. Rb8 1-0

[Event "*** Titled Tuesday Blitz"]
[Site "Chess.com"]
[Date "2020.05.05"]
[Round "5"]
[White "profofchess"]
[Black "awesomevishesh"]
[Result "1/2-1/2"]
[WhiteElo "2455"]
[BlackElo "2473"]
[TimeControl "180+1"]
[EndTime "10:57:46 PDT"]
[Termination "Game drawn by repetition"]

1. e4 c5 2. Nf3 d6 3. c3 Nf6 4. Bc4 Nc6 5. Qe2 g6 6. d4 cxd4 7. cxd4 Bg7 8. d5 Ne5 9. Nxe5 dxe5 10. Nc3 O-O 11. O-O Bd7 12. Rd1 Nh5 13. g3 Nf6 14. f3 a6 15. Be3 Ne8 16. a4 Nd6 17. Bd3 Qa5 18. Rdb1 Rfc8 19. b4 Qd8 20. Rc1 e6 21. a5 f5 22. Ra2 exd5 23. Nxd5 Be6 24. Rac2 Bxd5 25. exd5 e4 26. fxe4 fxe4 27. Bb6 Qe7 28. Rxc8+ Rxc8 29. Rxc8+ Nxc8 30. Qxe4 Qxe4 31. Bxe4 Nxb6 32.
axb6 Bd4+ 33. Kg2 Bxb6 34. d6 Kf7 35. Bxb7 Ke6 36. Bxa6 Kxd6 37. Bc4 h6 38. h4 Ke5 39. Kf3 g5 40. h5 Bd4 41. g4 Bb6 42. Bd3 Bd4 43.
Bf5 Bb6 44. Ke2 Kd4 45. b5 Bc5 46. Bd7 Bb6 47. Kd2 Bc5 48. Kc2 Kc4 49. Kd2 Kd4 50. Kc2 Kc4 51. Kb2 Kb4 52. Kc2 Kc4 1/2-1/2

[Event "*** Titled Tuesday Blitz"]
[Site "Chess.com"]
[Date "2020.05.05"]
[Round "5"]
[White "politeplayer"]
[Black "TheFireChess"]
[Result "1-0"]
[WhiteElo "2225"]
[BlackElo "2432"]
[TimeControl "180+1"]
[EndTime "10:57:46 PDT"]
[Termination "politeplayer won by resignation"]

1. e4 c6 2. Nf3 d5 3. exd5 cxd5 4.
d4 Nf6 5. c4 Nc6 6. Nc3 Bg4 7.
cxd5 Nxd5 8. Qb3 Bxf3 9. gxf3 Nb6 10. d5 Nd4 11. Bb5+ Nd7 12. Qa4 Nxf3+ 13. Ke2 Ne5 14. Bf4 Ng6 15. Bg3 a6 16. Bxd7+ Qxd7 17. Qxd7+ Kxd7 18. Na4 Ke8 19. Nb6 Rd8 20. Bc7 e6 21. Bxd8 Kxd8 22.
Rac1 Bd6 23. dxe6 fxe6 24. Rhd1 Ke7 25. Nc8+ Rxc8 26. Rxc8 Bxh2 27. Rh1 Be5 28. Rxh7 Bxb2 29. Rc7+ Kd6 30. Rxb7 Bd4 31. Rh1 Nf4+ 32. Kf3 Nd5 33. Rd1 Kc6 34. Rf7 Bf6 35. Rc1+ Kb6 36. Re1 e5 37.
Ke4 Nc3+ 38. Kf5 Nxa2 39. Rxf6+ gxf6 40. Kxf6 a5 41. Kxe5 Nb4 42. Rd1 a4 43. f4 a3 44.
f5 a2 45. f6 Nd3+ 46. Kd5 Nf4+ 47. Kc4 Kc6 48. f7 Ne6 49. Kb3 a1=Q 50. Rxa1 Kd6 51.
Ra6+ Ke7 52. Rxe6+ Kxf7 1-0

[Event "*** Titled Tuesday Blitz"]
[Site "Chess.com"]
[Date "2020.05.05"]
[Round "5"]
[White "vanyakuba"]
[Black "CMS13"]
[Result "1-0"]
[WhiteElo "2438"]
[BlackElo "2175"]
[TimeControl "180+1"]
[EndTime "10:57:46 PDT"]
[Termination "vanyakuba won by checkmate"]

1. e4 e5 2. Nf3 Nc6 3. Bb5 Bc5 4. c3 Qf6 5. d3 h6 6. Nbd2 Nge7 7. b4 Bb6 8. Nc4 d6 9. a4 a6 10. Nxb6 cxb6 11. Bc4 O-O 12. h3 Kh8 13. Be3 Qg6 14. Nh4 Qf6 15. Qh5 Ng8 16. g3 g6 17. Qe2 Qg7 18.
Bxb6 f5 19. exf5 gxf5 20. Qh5 f4 21. Qg6 Qe7 22. Bxg8 fxg3 23. fxg3 Rxg8 24. Qxh6+ Qh7 25. Qxh7+ Kxh7 26. g4 Be6 27. Kd2 Raf8 28. Raf1 Ne7 29. Bc7 Nc8 30. b5 axb5 31. axb5 Bd5 32. Rhg1 Kh6 33.
c4 Be6 34. Ke2 Rf7 35. Rxf7 Bxf7 36. Rf1 Be8 37. Nf5+ Kh7 38. Nxd6 Nxd6 39. Bxd6 e4 40. dxe4 Rg6 41. e5 Rh6 42. Rf3 Kg7 43. Kd3 Bf7 44.
Kd4 Bg6 45. c5 Be8 46. Bf8+ Kg8 47. Bxh6 Bxb5 48. Rf8+ Kh7 49. Rb8 Kxh6 50. Rxb7 Bc6 51. Rb6 Kg5 52. Rxc6 Kh4 53. Rf6 Kg5 54. Rf5+ Kg6 55.
e6 Kg7 56. e7 Kh7 57. e8=Q Kg7 58. Qe7+ Kg6 59. Qg5+ Kh7 60. Rf7+ Kh8 61. Qg7# 1-0

[Event "*** Titled Tuesday Blitz"]
[Site "Chess.com"]
[Date "2020.05.05"]
[Round "5"]
[White "Usurpov"]
[Black "AwesomeMango"]
[Result "1-0"]
[WhiteElo "2455"]
[BlackElo "2229"]
[TimeControl "180+1"]
[EndTime "10:57:47 PDT"]
[Termination "Usurpov won on time"]

1. e4 c5 2. Nf3 d6 3. Bb5+ Nd7 4. d4 cxd4 5. Qxd4 Nf6 6. Nc3 a6 7. Bxd7+ Bxd7 8. Bg5 e6 9. O-O-O Be7 10. e5 dxe5 11. Nxe5 Bc6 12. Nxc6 bxc6 13. Qa4 Qc7 14. Bf4 Qb7 15. Bd6 O-O 16. Bxe7 Qxe7 17. Qxc6 Rfc8 18.
Qa4 Qb7 19. f3 Rab8 20. Qa3 Qb6 21. Rhe1 Rc6 22. Re2 Rbc8 23. Red2 h6 24. Qb3 Qc7 25. g3 Rb8 26. Qa3 Rcb6 27. Na4 Rb5 28. Kb1 Nd5 29. Ka1 Ra5 30. b3 Nb6 31. Qd6 Qxd6 32.
Rxd6 Nxa4 33. bxa4 Rxa4 34. Rd8+ Rxd8 35. Rxd8+ Kh7 36. Rd3 Kg6 37. Kb2 f5 38. Kb3 Ra5 39.
c4 Rc5 40. Kb4 Rc8 41. Rd6 Kf6 42. Rxa6 Ke5 43. f4+ Kd4 44. Rd6+ Ke4 45. Rxe6+ Kd4 46. Rd6+ Ke4 47. c5 g5 48. Rxh6 gxf4 49. Rh4 Rb8+ 50.
Kc4 Ra8 51. Rxf4+ Ke5 52. Rf2 1-0

[Event "*** Titled Tuesday Blitz"]
[Site "Chess.com"]
[Date "2020.05.05"]
[Round "5"]
[White "LamaChampetre"]
[Black "Filip_Covic"]
[Result "0-1"]
[WhiteElo "2166"]
[BlackElo "2354"]
[TimeControl "180+1"]
[EndTime "10:57:47 PDT"]
[Termination "Filip_Covic won on time"]

1. d4 Nf6 2. c4 e6 3. Nf3 Bb4+ 4. Nbd2 b6 5. g3 Ba6 6. Qc2 Bb7 7.
Bg2 Be4 8. Qb3 Bxd2+ 9. Bxd2 O-O 10. O-O d6 11. Rac1 Nbd7 12. Bh3 a5 13. Ng5 Bb7 14. Bxe6 fxe6 15. Nxe6 Qc8 16. Nxf8 Qxf8 17. f3 Kh8 18. e4 Re8 19. Be3 Ba6 20. Rf2 Qf7 21. Qc3 h6 22. b3 Rf8 23. a3 Qh5 24. b4 axb4 25.
axb4 Nh7 26. Rcf1 Ng5 27. Bxg5 hxg5 28. b5 Bc8 29. f4 g4 30. f5 Nf6 31. Rf4 Bb7 32.
R1f2 Nxe4 33. Rxe4 Bxe4 34. d5 Bf3 35. Ra2 Qxf5 36.
Qe1 Qf7 37. Rf2 Re8 38. Qf1 Qg6 39. h3 Qe4 40. Kh2 Qe5 41. hxg4 Bxg4 0-1

[Event "*** Titled Tuesday Blitz"]
[Site "Chess.com"]
[Date "2020.05.05"]
[Round "5"]
[White "SGchess01"]
[Black "lachesisQ"]
[Result "0-1"]
[WhiteElo "2800"]
[BlackElo "3090"]
[TimeControl "180+1"]
[EndTime "10:57:48 PDT"]
[Termination "lachesisQ won on time"]

1. g3 d5 2. Bg2 e5 3. d3 Nc6 4. Nf3 Nf6 5. O-O Be7 6. Nc3 O-O 7. e4 Be6 8. Ng5 Bg4 9. f3 Bc8 10. exd5 Nxd5 11. Nxd5 Bxg5 12. Bxg5 Qxd5 13. Be3 Qb5 14. b3 Be6 15. f4 exf4 16. Rxf4 Rad8 17. Qd2 Ne7 18. c4 Qd7 19. d4 c6 20. Rd1 Rfe8 21.
Bf2 Bh3 22. Bh1 Ng6 23. Re4 Rxe4 24. Bxe4 Bf5 25. Bh1 Bg4 26. Re1 Be6 27. d5 cxd5 28.
cxd5 Ne7 29. Bxa7 Nxd5 30. Bf2 h6 31. Rd1 Qc6 32. Rc1 Qa6 33. a4 Rd6 34. Bf3 Ne7 35. Qb4 Bd5 36. Rd1 Qc6 37. Bc5 Re6 38. Bg4 Re4 39.
Qb5 Rxg4 40. Bxe7 Qxb5 41. axb5 Be6 42. Rd8+ Kh7 43. b4 Re4 44. Bc5 Re2 45. b6 Kg6 46. Rd4 Rc2 47. Rf4 Bh3 48. Re4 Rg2+ 49. Kh1 Rc2 50. Kg1 f6 51. Bf2 Rb2 52. Be1 Rg2+ 0-1

[Event "*** Titled Tuesday Blitz"]
[Site "Chess.com"]
[Date "2020.05.05"]
[Round "5"]
[White "Reader777"]
[Black "Nara_Kh"]
[Result "1-0"]
[WhiteElo "2594"]
[BlackElo "2414"]
[TimeControl "180+1"]
[EndTime "10:57:48 PDT"]
[Termination "Reader777 won by resignation"]

1. d4 Nf6 2. c4 g6 3. g3 Bg7 4.
Bg2 O-O 5. Nc3 d6 6. Nf3 Nc6 7. O-O a6 8. Bf4 Rb8 9. Rc1 b5 10.
Nd5 Bd7 11. b3 e6 12. Nxf6+ Bxf6 13. d5 Ne7 14. dxe6 Bxe6 15. Nd4 Bd7 16. c5 d5 17. c6 Be6 18. e4 Bxd4 19. Qxd4 dxe4 20. Qxd8 Rbxd8 21.
Bxc7 Rd2 22. Ba5 Rxa2 23. Bb4 Re8 24. Bxe7 Rxe7 25. c7 Bc8 26. Rfd1 Kg7 27. Rd8 Bg4 28. c8=Q Bxc8 29. Rdxc8 e3 30. fxe3 Rxe3 31. R8c7 Ree2 32.
Bd5 Rf2 33. Rf1 Rxf1+ 34. Kxf1 Rxh2 35. Rxf7+ Kh6 36. Ra7 Ra2 37. Bg8 Ra3 38. Rxh7+ Kg5 39. Ra7 Kg4 40. Kf2 Ra2+ 41. Ke3 Kxg3 42. Rg7 Rb2 43.
Rxg6+ Kh4 44. Rxa6 Kg5 45. Kd4 Kf5 46. Kc5 Ke5 47. Kxb5 Kd4 48. Bc4 Rb1 49. Rd6+ Ke5 50. Rd5+ Ke4 51. Bd3+ Kxd5 52. Bxb1 Kd6 53. Ka6 Kc7 54.
b4 Kb8 55. b5 Kc7 56. Ka7 Kc8 57.
b6 1-0

[Event "*** Titled Tuesday Blitz"]
[Site "Chess.com"]
[Date "2020.05.05"]
[Round "5"]
[White "DenLaz"]
[Black "MilanovicDan"]
[Result "0-1"]
[WhiteElo "2676"]
[BlackElo "2505"]
[TimeControl "180+1"]
[EndTime "10:57:49 PDT"]
[Termination "MilanovicDan won on time"]

1. d4 Nf6 2. c4 c5 3. d5 b5 4.
cxb5 a6 5. bxa6 g6 6. Nc3 Bxa6 7. g3 Bg7 8. Bg2 d6 9. Nf3 Nbd7 10. O-O Nb6 11. Rb1 O-O 12. b3 Bb7 13. Nh4 Ne8 14.
Bb2 Nc7 15. Qd2 Qd7 16. e4 Ra7 17. a4 Rb8 18. Rfc1 Ba6 19. Nd1 Rab7 20. Bxg7 Kxg7 21. Rb2 Qe8 22. Qc3+ f6 23. f4 Nd7 24. Ne3 Rb4 25.
Nc2 R4b7 26. Bh3 Nb6 27. Ra2 Nba8 28. Ra3 Rb6 29. Bg2 Bc8 30. e5 Bb7 31. Ne3 Rb4 32. Ng4 Qf7 33. e6 Qe8 34. Rd1 Nb6 35. Ne3 Ra8 36.
a5 Nb5 37. Qb2 Nxa3 38. axb6 Nb5 39. f5 g5 40. Nf3 Ra3 41. Rd3 Nd4 42. Nxd4 Rxd4 43.
Rxd4 cxd4 44. Qxa3 dxe3 45. Qc1 e2 46. Qd2 Qb5 47. Kf2 Ba6 48. Bf3 Qxb6+ 49. Kg2 Qxb3 50. Bxe2 Bxe2 51. Qxe2 Qxd5+ 52. Kg1 Qxf5 53. Qe3 Qe5 54. Qb3 f5 55. Qb6 Qxe6 56. Qd8 h6 57. Kg2 Qe2+ 58.
Kg1 Qe3+ 59. Kg2 f4 60. gxf4 gxf4 0-1

[Event "*** Titled Tuesday Blitz"]
[Site "Chess.com"]
[Date "2020.05.05"]
[Round "5"]
[White "GM4life"]
[Black "MaxLeto"]
[Result "0-1"]
[WhiteElo "2157"]
[BlackElo "2333"]
[TimeControl "180+1"]
[EndTime "10:57:49 PDT"]
[Termination "MaxLeto won on time"]

1. e4 c5 2. Nf3 d6 3. d4 cxd4 4. Nxd4 Nf6 5. Nc3 a6 6. Be3 Ng4 7. Bg5 h6 8. Bc1 Nf6 9. Bd3 Nc6 10. Nf5 e6 11. Ng3 b5 12. a3 Bb7 13. O-O Be7 14. Be3 Ne5 15. f4 Neg4 16. Qe2 Nxe3 17. Qxe3 Rc8 18. Kh1 h5 19. Rad1 h4 20. Nge2 h3 21.
g3 Ng4 22. Qf3 f5 23. Nd4 Qd7 24. Kg1 O-O 25. Qe2 Bf6 26. Nf3 Bxc3 27. bxc3 Rxc3 28. exf5 exf5 29. Rde1 Bd5 30. Ng5 Qa7+ 31. Rf2 Nxf2 32. Qxf2 Qxf2+ 33. Kxf2 Rxa3 34. Re7 b4 35. Rd7 Bc6 36.
Rxd6 Bb5 37. Ne6 Rc8 38. Bxf5 Rb8 39. Ng5 Rc3 40. Rd4 Kf8 41. Rxb4 a5 42. Rd4 a4 43. Ne6+ Ke7 44. Re4 Kf6 45. Bg4 Rxc2+ 46. Kf3 Bc6 47. Nd4 Rc3+ 48. Kf2 Bxe4 49. Ne2 Rb2 50. Kf1 Rcc2 51. Nd4 Bd3+ 0-1

[Event "*** Titled Tuesday Blitz"]
[Site "Chess.com"]
[Date "2020.05.05"]
[Round "5"]
[White "bakki78"]
[Black "Sam_ChessMood"]
[Result "0-1"]
[WhiteElo "2724"]
[BlackElo "2870"]
[TimeControl "180+1"]
[EndTime "10:57:50 PDT"]
[Termination "Sam_ChessMood won by resignation"]

1. e4 c5 2. Nf3 d6 3. d4 cxd4 4.
Nxd4 Nf6 5. Nc3 a6 6. h3 e6 7. g4 h6 8. Bg2 Be7 9. O-O O-O 10. Nce2 Nc6 11. c3 d5 12. exd5 Nxd4 13. Qxd4 Nxd5 14. Nf4 Bf6 15. Qe4 Nxf4 16. Bxf4 Qb6 17. Rab1 a5 18. Rfd1 a4 19. a3 Ra5 20. Be3 Qc7 21. Qb4 Ra6 22. Bc5 Re8 23. Qb5 Rd8 24.
Bb4 Ra7 25. Bf3 g6 26. Rxd8+ Qxd8 27. Rd1 Qc7 28. Qe8+ Kh7 29. Qb5 b6 30. Bd6 Qd8 31.
Be5 Rd7 32. Rxd7 Bxd7 33. Bxf6 Qxf6 34. Qd3 Qf4 35. Kg2 Be8 36. Qe3 Qxe3 37. fxe3 Kg7 38. Kf2 Kf6 39. Ke2 Ke5 40. Kd3 Bb5+ 41. c4 Bd7 42.
Kc3 f5 43. Kb4 f4 44. exf4+ Kxf4 45. Bd1 e5 46. c5 bxc5+ 47. Kxc5 e4 48. Kd4 e3 49. Be2 g5 50. Kc3 Bc6 51. b3 axb3 52. Kxb3 Bf3 53. Bd3 e2 54. Bxe2 Bxe2 0-1

[Event "*** Titled Tuesday Blitz"]
[Site "Chess.com"]
[Date "2020.05.05"]
[Round "5"]
[White "Kingsman132"]
[Black "Trankuilizer"]
[Result "0-1"]
[WhiteElo "2363"]
[BlackElo "2520"]
[TimeControl "180+1"]
[EndTime "10:57:50 PDT"]
[Termination "Trankuilizer won by resignation"]

1. d4 Nf6 2. Nf3 g6 3. c4 Bg7 4.
Nc3 O-O 5. e3 d6 6. Bd3 Nbd7 7.
O-O e5 8. dxe5 dxe5 9. Bc2 c6 10. h3 Re8 11. Qe2 Qe7 12. Rd1 h5 13. Nd2 Nc5 14. a3 a5 15. e4 h4 16. Nf3 Nh5 17. Bg5 Bf6 18. Be3 Ne6 19. Na4 Nhf4 20. Qd2 Rd8 21. Qe1 Bd7 22. Bb6 Rf8 23. Qd2 Bc8 24. Qd6 Qxd6 25.
Rxd6 Kg7 26. Rad1 Ng5 27. Nxg5 Bxg5 28. Kf1 Be6 29. b3 Be7 30. R6d2 Bxa3 31. Bc5 Bb4 32. Bxb4 axb4 33. Rd6 Rfe8 34. c5 Ra5 35. Rd8 Rxd8 36.
Rxd8 Kf6 37. Rd6 Ra8 38. Rd2 g5 39. Kg1 Ng6 40. Kf1 Nf8 41. Ke2 Nd7 42. Nb6 Nxb6 43.
cxb6 Ra6 44. Rd8 Rxb6 45. Rb8 c5 46. Kd3 Rd6+ 47. Ke2 b6 48. Rb7 Rc6 49. Rb8 c4 50. bxc4 Bxc4+ 51. Bd3 Bxd3+ 52. Kxd3 b3 53. Ra8 b2 0-1

[Event "*** Titled Tuesday Blitz"]
[Site "Chess.com"]
[Date "2020.05.05"]
[Round "5"]
[White "marszach123"]
[Black "MFBerna"]
[Result "0-1"]
[WhiteElo "2141"]
[BlackElo "2323"]
[TimeControl "180+1"]
[EndTime "10:57:50 PDT"]
[Termination "MFBerna won on time"]

1. e4 c5 2. Nf3 d6 3. d4 cxd4 4. Nxd4 Nf6 5. Nc3 a6 6. Bg5 e6 7.
f4 Be7 8. Qf3 Nbd7 9. O-O-O Qc7 10. g4 b5 11. Bxf6 Nxf6 12. e5 Bb7 13. Qg3 dxe5 14. fxe5 Bxh1 15. Ndxb5 axb5 16. Bxb5+ Kf8 17. exf6 Qxg3 18. fxe7+ Kxe7 19. hxg3 Bf3 20. Rd7+ Kf6 21. g5+ Kg6 22. Bd3+ f5 23. gxf6+ Kxf6 24. a4 h5 25. b4 g5 26. a5 h4 27. gxh4 gxh4 28. Ne4+ Ke5 29.
Nf2 Rag8 30. Rf7 Rf8 31. Rxf8 Rxf8 32. a6 Ba8 33. Nh3 Rf3 34. Ng1 Rg3 35. Ne2 Rg2 36. b5 h3 37. b6 h2 38. b7 h1=Q+ 39. Kb2 Bxb7 40. axb7 Rg8 41. Ba6 Rb8 42. Nc3 Rxb7+ 43. Bxb7 Qxb7+ 44. Kc1 Kd4 45. Ne2+ Ke3 46. Nc3 Qc6 47.
Nd1+ Kf3 48. Kd2 e5 49. Ne3 Qd7+ 0-1

[Event "*** Titled Tuesday Blitz"]
[Site "Chess.com"]
[Date "2020.05.05"]
[Round "5"]
[White "Aradej"]
[Black "rasmussvane"]
[Result "1/2-1/2"]
[WhiteElo "2545"]
[BlackElo "2857"]
[TimeControl "180+1"]
[EndTime "10:57:51 PDT"]
[Termination "Game drawn by repetition"]

1. e4 c6 2. d4 d5 3. exd5 cxd5 4. Bd3 Nc6 5. c3 Nf6 6. h3 g6 7. Nf3 Bf5 8. Be2 Bg7 9. O-O O-O 10. Re1 Qc7 11. Bf1 a6 12. a4 Rfe8 13. Nbd2 Rab8 14.
Nb3 Ne4 15. Nfd2 e5 16. dxe5 Nxe5 17. Nd4 Nxd2 18. Bxd2 Bd7 19. Bf4 Rbd8 20. Qd2 Qc8 21. Bg5 f6 22. Bf4 Nc4 23. Qc2 Qc5 24. Qb3 Na5 25.
Qa2 Nc6 26. Be3 Qd6 27. Rad1 Bc8 28. Nf3 Kh8 29. Qb3 Re7 30. Qb6 Qd7 31. Bc5 Rxe1 32.
Rxe1 Re8 33. Rd1 Qf7 34. Be3 Kg8 35. Qc5 Be6 36. Nd4 Nxd4 37. Bxd4 Bh6 38. Qb6 Kg7 39. a5 Bf4 40. Qb3 Qc7 41. Qb6 Bf7 42. Qxc7 Bxc7 43. b4 Rc8 44. Re1 Bd6 45. g3 Re8 46. Rd1 Be5 47. Bg2 Rd8 48. Kf1 Kf8 49. Ke2 Ke7 50.
f4 Bxd4 51. Rxd4 Be6 52. Kd2 g5 53. fxg5 fxg5 54. h4 h6 55. Bf3 Rd7 56. Be2 Kf6 57. Bf3 Ke5 58. Ke3 Rc7 59. Kd2 Rd7 60. Rd3 Rf7 61. Ke3 Rc7 62. hxg5 hxg5 63. Kd2 Rd7 64. Rd4 Rf7 65. Rd3 Rc7 66. Re3+ Kd6 67. Be2 Rf7 68. c4 dxc4 69. Rxe6+ Kxe6 70. Bxc4+ Ke7 71. Bxf7 Kxf7 72. Kd3 Ke6 73. Ke4 Kf6 74. g4 Ke6 75. Kd4 Kd6 76.
Ke4 Ke6 77. Kd4 Kd6 78. Ke4 Ke6 1/2-1/2